AoeStats
← Rafaelbdoo

MegaRandom

506653765Analyzed
1v1 RM · 19d ago on Sep 14, 2026· 50m 7s· 2 players
Game mode
Random Map
Map size
Tiny (2 player)
Population
200
Speed
Normal
Resources
Standard
Victory
Conquest
Starting age
Dark Age
Ending age
Imperial Age
RankedLock teamsTeams togetherTeam positionsShared explorationLock speedFull tech treeHidden civsTurbo modeCheats
Victory
Defeat
🇺🇸 Romans · United States
631
+13
🇧🇷 Byzantines · Brazil
559
-13
RedBeard252
2:42 Loom
13:11 Feudal Age
14:34 Double-Bit Axe
15:35 Wheelbarrow
15:54 Gold Mining
17:14 Man-at-Arms
18:06 Stone Mining
21:58 Castle Age
20:40 Scale Barding Armor
20:39 Scale Mail Armor
22:31 Horse Collar
24:16 Bow Saw
24:43 Chain Mail Armor
24:59 Squires
24:19 Long Swordsman
25:16 Forging
25:44 Heavy Plow
27:36 Hand Cart
28:44 Fletching
29:31 Iron Casting
33:23 Imperial Age
33:43 Imperial Age
31:29 Bodkin Arrow
33:22 Murder Holes
33:38 Masonry
33:49 Ballistics
33:52 Husbandry
34:04 Bloodlines
33:59 Legionary
35:52 Conscription
38:01 Comitatenses
39:05 Blast Furnace
40:10 Chain Barding Armor
41:35 Crop Rotation
41:38 Architecture
41:40 Elite Skirmisher
42:48 Ballistas
42:46 Heavy Scorpion
44:34 Pikeman
48:02 Plate Barding Armor
Rafaelbdoo
10:32 Feudal Age
10:59 Double-Bit Axe
10:55 Horse Collar
18:56 Castle Age
20:51 Pikeman
21:58 Heavy Plow
25:47 Elite Skirmisher
27:35 Forging
28:35 Bow Saw
32:08 Iron Casting
35:35 Imperial Age
33:23 Loom
34:17 Wheelbarrow
34:47 Scale Barding Armor
35:26 Squires
35:34 Stone Mining
36:55 Conscription
36:08 Capped Ram
38:11 Hand Cart
39:18 Crop Rotation
38:45 Halberdier
41:37 Elite Cataphract
43:10 Chain Barding Armor
44:18 Husbandry
44:55 Murder Holes
46:20 Guilds
45:59 Light Cavalry
48:50 Hussar
49:17 Treadmill Crane
Connection lost

Rejoining the realm…

Still unreachable

The connection could not be restored.

Session expired

The server has moved on; the page needs a fresh start.